Cogmind - Beta 13 @@@ ROGUE MODE // 2024.07.15 @ 04:03:03 Player: Beef Result: Destroyed by Y-45 Defender with Beam Rifle Performance ------------- Evolutions (1) 500 Regions Visited (3) 600 Robots Destroyed (32) 160 Value Destroyed (731) 731 Prototype IDs (0) 0 Alien Tech Used (0) 0 Bonus (19) 19 TOTAL SCORE: 2010 Bonus ------- High Alert Combat Kills 19 Cogmind --------- Core Integrity 0/400 Matter 299/300 Energy 240/240 System Corruption 0% Temperature Cool (9) Movement Walking (120) Location -9/Materials Parts ------- > --- POWER (1) -------- Nuclear Core > --- PROPULSION (4) --- Carbon-fiber Leg Carbon-fiber Leg Carbon-fiber Leg > --- UTILITY (2) ------ Improved Heat Sink Large Storage Unit > --- WEAPON (2) ------- Scythe > --- INVENTORY (15) --- Nuclear Core Light Treads Terrain Scan Processor Power Shielding Hardened Medium Armor Plating Hardened Medium Armor Plating Hardlight Generator EM Pulse Cannon EM Pulse Cannon Light Assault Rifle Peak State ------------ > --- POWER ------------ Nuclear Core > --- PROPULSION ------- Carbon-fiber Leg Carbon-fiber Leg Carbon-fiber Leg Carbon-fiber Leg > --- UTILITY ---------- Improved Heat Sink Large Storage Unit > --- WEAPON ----------- Scythe Scythe > --- INVENTORY -------- Nuclear Core Light Treads Terrain Scan Processor Power Shielding Hardened Medium Armor Plating Hardened Medium Armor Plating Hardlight Generator EM Pulse Cannon Light Assault Rifle [Rating: 27] Favorites ----------- Power Light Ion Engine Engine Light Ion Engine Power Core Nuclear Core Propulsion Aluminum Leg Treads Light Treads Leg Aluminum Leg Wheel Wheel Utility Small Storage Unit Device Improved Heat Sink Storage Small Storage Unit Protection Power Shielding Weapon Small Laser Energy Gun Small Laser Ballistic Gun Light Assault Rifle Launcher Rocket Launcher Slashing Weapon Scythe Build | -11 -10 -10 -9 ------- Run | Yrd Mat Min Mat Slots Evolved 2 | . . . 2 Power . | . . . . Propulsion 2 | . . . 2 Utility . | . . . . Weapon . | . . . . Parts Attached 30 | 6 . 3 21 Power 4 | 1 . . 3 Engine 3 | 1 . . 2 Core 1 | . . . 1 Reactor . | . . . . Propulsion 15 | 2 . 2 11 Treads 2 | . . . 2 Leg 10 | 2 . 2 6 Wheel 3 | . . . 3 Hover . | . . . . Flight . | . . . . Utility 4 | 1 . . 3 Device 1 | . . . 1 Storage 2 | 1 . . 1 Processor . | . . . . Hackware . | . . . . Protection 1 | . . . 1 Artifact . | . . . . Weapon 7 | 2 . 1 4 Energy Gun 2 | 2 . . . Energy Cannon . | . . . . Ballistic Gun 2 | . . 1 1 Ballistic Cannon . | . . . . Launcher 1 | . . . 1 Special Weapon . | . . . . Impact Weapon . | . . . . Slashing Weapon 2 | . . . 2 Piercing Weapon . | . . . . Special Melee Weapon . | . . . . Unidentified Prototypes . | . . . . Parts Lost 16 | . . 2 14 Power 2 | . . . 2 Propulsion 8 | . . 1 7 Utility . | . . . . Weapon 6 | . . 1 5 Highest Loss Streak 7 | . . 1 7 To Critical Strikes . | . . . . Average Slot Usage (%) 78 | . 85 84 73 Engine 8 | . 14 14 4 Core 1 | . . . 3 Treads 2 | . . . 5 Leg 21 | . 28 27 16 Wheel 3 | . . . 6 Device 1 | . . . 3 Storage 12 | . 14 14 11 Protection 3 | . . . 6 Energy Gun 11 | . 28 21 2 Ballistic Gun 5 | . . 6 5 Launcher 1 | . . . 2 Slashing Weapon 3 | . . . 5 Naked Turns . | . . . . Heaviest Build 32 | 11 11 11 32 Greatest Support 60 | 20 20 20 60 Greatest Overweight (x) 3 | . . . 3 Average Overweight (x) . | . . . . Largest Inventory Capacity 15 | 8 8 8 15 Average Capacity 9 | 7 8 8 11 Most Carried 10 | 2 3 6 10 Average Carried 5 | . 2 4 5 Final Capacity 15 | 8 8 8 15 Final Carried 10 | 2 3 6 10 Class Distribution -------------------- 95% | Mutant 4% | Scavenger-Mutant Dominant Class ---------------- Mutant | -10/Materials Mutant | -10/Mines Mutant | -9/Materials Resources | -11 -10 -10 -9 ----------- Run | Yrd Mat Min Mat Matter Collected 766 | 166 . 127 473 Remotely . | . . . . Salvage Created 772 | . . 146 626 Parts 54 | . . 9 45 Haulers Intercepted 1 | . . . 1 Recyclers Shooed . | . . . . Parts Field Recycled . | . . . . Retrieved Matter . | . . . . Parts Self-Destructed . | . . . . Prevented . | . . . . Kills | -11 -10 -10 -9 ------- Run | Yrd Mat Min Mat Combat Hostiles Destroyed 20 | . . 5 15 Melee 3 | . . . 3 Guns 10 | . . 4 6 AOE 6 | . . . 6 Classes Destroyed 9 | . . 2 7 Worker 2 | . . . 2 Builder 4 | . . . 4 Hauler 1 | . . . 1 Mechanic 1 | . . . 1 Operator 1 | . . . 1 Watcher 3 | . . . 3 Swarmer 6 | . . 3 3 Grunt 12 | . . 2 10 Sentry 2 | . . . 2 Best Kill Streak 8 | . . 2 8 Combat Bots Only 4 | . . 2 4 Max Kills in Single Turn 2 | . . 1 2 Gunslinging . | . . . . Exploded 2 | . . . 2 Melee 1 | . . . 1 Uniques/NPCs Destroyed . | . . . . Combat | -11 -10 -10 -9 -------- Run | Yrd Mat Min Mat Hostile Shots Fired 228 | . 15 39 174 Missed 56 | . 6 9 41 Damage Taken 2283 | . 126 317 1840 Core 525 | . 37 74 414 Absorbed by Shields . | . . . . Redirected to Shielding 42 | . . . 42 Core Remaining (%) 77 | 100 . 55 . Volleys Fired 76 | . . 23 53 Largest 2 | . . 2 2 Hottest 80 | . . 80 60 Shots Fired 118 | . . 44 74 Gun 98 | . . 44 54 Cannon . | . . . . Launcher 20 | . . . 20 Special . | . . . . Kinetic 63 | . . 15 48 Thermal 29 | . . 23 6 Explosive 20 | . . . 20 Electromagnetic 6 | . . 6 . Robot Hit Streak 12 | . . 8 12 Robot Miss Streak 6 | . . 6 5 Penetration Max . | . . . . Secondary Targets 4 | . . 1 3 Max Gunslinging Chain 1 | . . 1 1 Shots Hit Robots 90 | . . 27 63 Core Hits 48 | . . 8 40 Critical Kills . | . . . . Critical Parts Destroyed . | . . . . Critical Strikes 1 | . . . 1 Sever 1 | . . . 1 Melee Attacks 18 | . . . 18 Impact . | . . . . Slashing 18 | . . . 18 Piercing . | . . . . Sneak Attacks 1 | . . . 1 Combat Hostiles . | . . . . Follow-up Attacks 2 | . . . 2 Damage Inflicted 2469 | . . 317 2152 Guns 742 | . . 317 425 Cannons . | . . . . Explosions 1221 | . . . 1221 Melee 506 | . . . 506 Ramming . | . . . . Kinetic 440 | . . 72 368 Thermal 250 | . . 193 57 Explosive 1221 | . . . 1221 Electromagnetic 52 | . . 52 . Impact . | . . . . Slashing 506 | . . . 506 Piercing . | . . . . Highest Corruption . | . . . . Average Corruption . | . . . . Corruption Purged . | . . . . Corruption Blocked . | . . . . Overload Shots . | . . . . Overflow Damage 118 | . . . 118 Projectiles . | . . . . Explosions 85 | . . . 85 Melee 33 | . . . 33 Knockbacks . | . . . . Impact . | . . . . Kinetic . | . . . . Secondary . | . . . . Self-Inflicted Damage 102 | . . . 102 Shots 5 | . . . 5 Rammed . | . . . . Targets Rammed . | . . . . Kicked . | . . . . Crushed . | . . . . Highest Temperature 112 | . . 112 65 Average Temperature 31 | . . 41 15 Received Heat Transfer 1080 | . 72 102 906 Siege Activations . | . . . . Robots Corrupted . | . . . . Combat Hostiles . | . . . . Parts Fried . | . . . . Impact Corruptions . | . . . . Robots Melted 1 | . . 1 . Combat Hostiles 1 | . . 1 . Parts Melted 3 | . . 3 . Heat Transferred 550 | . . 425 125 Parts Sabotaged . | . . . . Parts Stolen . | . . . . Parts Stripped . | . . . . Power Chain Reactions . | . . . . Alert | -11 -10 -10 -9 ------- Run | Yrd Mat Min Mat Peak Influence 531 | . . 145 531 Initial 56 | . . . 56 Average 161 | . . 65 268 Maximum Alert Level 2 | . . . 2 Low Security (%) 71 | 100 100 100 44 Level 1 16 | . . . 32 Level 2 11 | . . . 22 Level 3 . | . . . . Level 4 . | . . . . Level 5 . | . . . . High Security . | . . . . Max Security . | . . . . Squads Dispatched 1 | . . . 1 Investigation . | . . . . Extermination . | . . . . Reinforcement 1 | . . . 1 Assault . | . . . . Garrison . | . . . . Intercept . | . . . . Searches Triggered . | . . . . Construction Impeded . | . . . . Haulers Reinforced . | . . . . Active Scanning Responses . | . . . . Cargo Convoy Interrupts . | . . . . Stealth | -11 -10 -10 -9 --------- Run | Yrd Mat Min Mat Distress Signals 2 | . . . 2 Communications Jammed . | . . . . Distress Signals . | . . . . Times Spotted 44 | . 5 8 31 Peak Tracking Total 6 | . 5 3 6 Tactical Retreats 2 | . . 2 . Traps | -11 -10 -10 -9 ------- Run | Yrd Mat Min Mat Traps Triggered . | . . . . Indirectly . | . . . . Trap Hack Attempts . | . . . . Triggered . | . . . . Disarmed . | . . . . Reprogrammed . | . . . . Reused . | . . . . Traps Extracted . | . . . . Installed . | . . . . Triggered . | . . . . Machines | -11 -10 -10 -9 ---------- Run | Yrd Mat Min Mat Machines Disabled 3 | . . . 3 Max in Single Turn 1 | . . . 1 Machines Repaired . | . . . . Machines Dismantled . | . . . . Machines Sabotaged . | . . . . Overloaded Fab Kills . | . . . . Hacking | -11 -10 -10 -9 --------- Run | Yrd Mat Min Mat Machines Accessed 1 | . . . 1 Terminals 1 | . . . 1 Fabricators . | . . . . Repair Stations . | . . . . Recycling Units . | . . . . Scanalyzers . | . . . . Garrison Access . | . . . . Total Hacks 2 | . . . 2 Successful 1 | . . . 1 Failed 1 | . . . 1 Catastrophic 1 | . . . 1 Database Lockouts . | . . . . Manual . | . . . . Terminals 2 | . . . 2 Fabricators . | . . . . Repair Stations . | . . . . Recycling Units . | . . . . Scanalyzers . | . . . . Garrison Access . | . . . . Terminal Hacks 1 | . . . 1 Branch Access Points 1 | . . . 1 Fabricator Hacks . | . . . . Repair Station Hacks . | . . . . Recycling Unit Hacks . | . . . . Scanalyzer . | . . . . Garrison Access Hacks . | . . . . Unauthorized Hacks . | . . . . Terminals . | . . . . Fabricators . | . . . . Repair Stations . | . . . . Recycling Units . | . . . . Scanalyzers . | . . . . Garrison Access . | . . . . Data Cores Recovered . | . . . . Used . | . . . . Hacking Detections 1 | . . . 1 Full Trace Events 1 | . . . 1 Feedback Events . | . . . . Feedback Blocked . | . . . . Robot Schematics Acquired . | . . . . Robots Built . | . . . . Authchips . | . . . . Time . | . . . . Total Robot Build Rating . | . . . . Part Schematics Acquired . | . . . . Parts Built . | . . . . Authchips . | . . . . Time . | . . . . Total Part Build Rating . | . . . . Parts Repaired . | . . . . Time . | . . . . Parts Recycled . | . . . . Recycled Matter . | . . . . Retrieved Matter . | . . . . Retrieved Components . | . . . . Parts Scanalyzed . | . . . . Part Schematics Acquired . | . . . . Parts Damaged . | . . . . Bothacking | -11 -10 -10 -9 ------------ Run | Yrd Mat Min Mat Used RIF Installer . | . . . . Robots Hacked . | . . . . Non-combat . | . . . . Combat . | . . . . Robot Hacks Applied . | . . . . Relay Couplers Released . | . . . . Fabnet Peak Effective % . | . . . . Robots Rewired . | . . . . Allies Hacked . | . . . . Hacks Repelled . | . . . . Allies | -11 -10 -10 -9 -------- Run | Yrd Mat Min Mat Total Allies . | . . . . Largest Group . | . . . . Highest-Rated Group . | . . . . Highest-Rated Ally . | . . . . Total Orders . | . . . . Ally Attacks . | . . . . Total Damage . | . . . . Kills . | . . . . Allies Corrupted . | . . . . Allies Melted . | . . . . Intel | -11 -10 -10 -9 ------- Run | Yrd Mat Min Mat Robot Analysis Total . | . . . . Derelict Logs Recovered . | . . . . Drone Launches . | . . . . Drone Recoveries . | . . . . Exploration | -11 -10 -10 -9 ------------- Run | Yrd Mat Min Mat Turns Passed 1009 | 58 76 357 518 Spaces Moved 607 | 40 62 235 270 Core 13 | 2 . . 11 Treads 17 | . . . 17 Legs 456 | 38 62 235 121 Wheels 121 | . . . 121 Hover . | . . . . Flight . | . . . . Fastest Speed 50 | 50 120 120 80 Average Speed 117 | 116 120 120 114 Slowest Speed 260 | 120 120 120 260 Overloaded Moves . | . . . . Propulsion Burnouts . | . . . . Robots Hopped . | . . . . Cave-ins Triggered . | . . . . Exploration Rate (%) 28 | 4 18 66 27 Regions Visited 3 Branch Regions 1 Pre-discovered Areas . | . . . . Known Exits Taken . | . . . . Unknown Exits Taken 3 | 1 1 1 . Scrap Searched . | . . . . Spaces Dug . | . . . . Terrain Destroyed 133 | . . . 133 Melee . | . . . . Projectile . | . . . . AOE 133 | . . . 133 Terrain Rammed . | . . . . Walls Destroyed . | . . . . Machines Disabled . | . . . . Actions | -11 -10 -10 -9 --------- Run | Yrd Mat Min Mat Total 762 | 48 63 268 383 Wait 10 | 1 1 4 4 Move 604 | 39 61 234 270 Hop . | . . . . Pick Up 16 | 2 1 4 9 Fast Attach 20 | 6 . . 14 Attach 8 | . . 2 6 Detach 5 | . . . 5 Swap 2 | . . 1 1 Drop 5 | . . . 5 Fire 76 | . . 23 53 Melee 16 | . . . 16 Ram . | . . . . Kick . | . . . . Crush . | . . . . Escape Stasis . | . . . . Rewire . | . . . . Trap . | . . . . Miscellaneous . | . . . . Route ------- -11/Scrapyard -10/Materials -10/Mines -9/Materials (discovered 1 exit: *Min) History --------- Turn | Location | Event 21 | -11/Scrapyard | Discovered new exit (range 16) 59 | -11/Scrapyard | Entered Materials 119 | -10/Materials | Discovered new exit (range 14) 135 | -10/Materials | Entered Mines 188 | -10/Mines | Received a Rocket Launcher from a helpful Derelict 307 | -10/Mines | Build established: Mutant 475 | -10/Mines | Discovered new exit (range 11) 492 | -10/Mines | Entered Materials 492 | -9/Materials | Evolved 2 slots: Propulsion x2 666 | -9/Materials | Discovered new exit (range 14) 685 | -9/Materials | Lost 7 parts (1p4n2w) 733 | -9/Materials | Core integrity fell below 50% 913 | -9/Materials | Core integrity fell below 20% 991 | -9/Materials | Identified exit to Mines 1010 | -9/Materials | Destroyed by Y-45 Defender with Beam Rifle Last Messages --------------- 00969_ A-02 Transporter destroyed. 00970_ R-06 Scavenger collects Med. Battery. 00970_ K-01 Serf collects debris. 00972_ Acquired 46 matter. 00972_ K-01 Serf collects debris. 00980_ R-06 Scavenger collects Sml. Laser. 00983_ K-01 Serf collects debris. 00984_ R-06 Scavenger collects Lgt. Treads. 00987_ R-06 Scavenger collects Hpw. Tractor Beam. 00991_ Connecting with Terminal... 00991_ Current location identified: Materials >>Access(Branch) Found 1 branch access point: (49,48) Mines Map updated. 00996_ R-06 Scavenger collects Lgt. Treads. 01004_ Scythe destroyed. 01004_ R-06 Scavenger collects Imp. Heat Sink. 01009_ R-06 Scavenger collects Lgt. Treads. 01009_ Carbon-fiber Leg destroyed. Map ----- +----------------------------------------------------+ | ## ##????????"?????????????????????????? | | # ########? ?????????????????????????? | | ## # ### ##+###??????????????????????? | | #####??????????????????? | | > !!#??????????????????? | | % !#??????????????????? | | # # ## //#??????????????????? | | ### # |"|" ## #??????????????????? | | # #! ! # |"|""## * #??????????????????? | | ##!! ! ########## !!*#??????????????????? | | ##### ######?????# ######?##??????????????? | | ##??####??????????# #? ???????????????? | | ##?????????????????# # """" ???????????????? | | ###????????????##### # """" ???????????????? | | # #????????????# r + """" ??????????????? | | # #????????????# # #?????????????? | | # #????????????# #? """" #?????????????? | | #????????????#!! # """" #?????????????? | | #????????????# + """" ???????????????? | | ##????????????#]] # #?????????????? | | ##????????????##### ##########?????????????? | | = #???????????????# ############# ????????? | | ##???????????????# k r ???????? | | ##????????????????# g [ ???????? | | #?????????????????# g ???????? | | #?????????????????# @ #### ???????? | | #???????????????#####Y#####?? ??????????? | | ???????????????# #???#####???????????? | | ??????????????# "T" #???????????????????? | | #?????????????# #???????????????????? | | T +?????????????# #???????????????????? | | #?????????????# #???????????????????? | | #?????????????# """ #???????????????????? | | #?????????????# """ #???????????????????? | | ? #?????????????? """ #???????????????????? | | ?????????????????##########+#???????????????????? | | ?????????????????????????????????????????????????? | | ?????????????????????????????????????????????????? | | ?????????????????????????????????????????????????? | | ?????????????????????????????????????????????????? | | ?????????????????????????????????????????????????? | | ?????????????????????????????????????????????????? | | ?????????????????????????????????????????????????? | | ?????????????????????????????????????????????????? | | ?????????????????????????????????????????????????? | | ?????????????????????????????????????????????????? | | ?????????????????????????????????????????????????? | | ?????????????????????????????????????????????????? | | ?????????????????????????????????????????????????? | | ?????????????????????????????????????????????????? | +----------------------------------------------------+ Best States ------------- Heat Dissipation 42 Energy Generation 14 Energy Capacity 250 Matter Stores 300 Matter Capacity 300 Sight Range 16 Terrain Scan Density 10 Power Shielding 33 Evasion (%) 55 Recoil Reduction 1 Item Schematics ----------------- None Robot Schematics ------------------ None Fabricated ------------ Nothing Alien Tech Used ----------------- None Achievements -------------- None Challenges ------------ None Game ------ Seed MicrowarpQuantumMagmablaster Manual? 0 Play Time 00:10:01 Cumulative 55.8 hours Start 2024.07.15 @ 03:57:02 End 2024.07.15 @ 04:03:03 Sessions 1 Manual Loads 0 Difficulty Rogue Special Mode None Game No. 59 Rogue 59 Adventurer 0 Explorer 0 Win Type - Total 0 Types 0/0/0/0/0/0/0/0/0 Lore% 43 Gallery% 51 Achievement% 35 Wizard Run 0 Options --------- Layout 0 ASCII 0 Keyboard 1 Movement Numpad Keybinds 0 Fullscreen 2 Font 18/SmallcapsGlow Map View 76x50 Zoom Use 0% Tactical HUD 1 Map Filters NONE Filters NONE Steam 1 RUN: cf2ea067-825c-4e08-9876-fa51c1e9f62e